 Dungeon Crawl Stone Soup version 0.19.1-1-g22dce08 (webtiles) character file.

84 empire the Sneak (level 4, -4/41 HPs)
             Began as a Troll Assassin on Jan 12, 2017.
             Killed by nerve-wracking pain
             ... invoked by Jessica
              (9 damage)
             ... on level 3 of the Dungeon.
             The game lasted 00:04:45 (1650 turns).

empire the Sneak (Troll Assassin)                   Turns: 1650, Time: 00:04:45

Health: -4/41      AC:  6    Str: 19    XL:     4   Next: 23%
Magic:  3/3        EV: 10    Int:  7    God:
Gold:   230        SH:  0    Dex: 12    Spells: 0 memorised, 3 levels left

rFire  . . .     SeeInvis .     b - +0 long sword
rCold  . . .     Gourm    +     c - +0 robe
rNeg   . . .     Faith    +     (no shield)
rPois  .         Spirit   .     (helmet restricted)
rElec  .         Reflect  .     d - +0 cloak
rCorr  .         Harm     .     (gloves unavailable)
MR     .....                    (boots unavailable)
Stlth  +++.......               p - amulet of faith
                                n - +1 ring of evasion
                                u - ring of stealth

@: no status effects
A: unfitting armour, claws 3, fast metabolism 3, gourmand, regeneration 1,
shaggy fur 1, tough skin 2
a: no special abilities


You were on level 3 of the Dungeon.
You were full.

You visited 1 branch of the dungeon, and saw 3 of its levels.

You collected 230 gold pieces.

Inventory:

Hand Weapons
 a - a +2 dagger
 b - a +0 long sword (weapon)
 i - a +0 blowgun
 t - a +0 lajatang
Missiles
 e - 8 poisoned needles
 f - 5 curare-tipped needles
 j - 48 arrows
 o - 10 bolts
Armour
 c - a +0 robe (worn)
 d - a +0 cloak (worn)
Jewellery
 h - an uncursed ring of positive energy
 n - a +1 ring of evasion (right claw)
 p - an amulet of faith (around neck)
 q - an uncursed ring of fire
 u - a ring of stealth (left claw)
Scrolls
 r - a scroll of remove curse
Potions
 v - 2 potions of curing
 w - a potion of brilliance
Comestibles
 g - 3 bread rations
 l - 2 beef jerkies
 m - a slice of pizza


   Skills:
 - Level 1.5 Fighting
 + Level 2.7 Short Blades
 - Level 1.7 Throwing
 - Level 0.7 Dodging
 + Level 2.9 Stealth


You had 3 spell levels left.
You didn't know any spells.

Dungeon Overview and Level Annotations

Branches:
Dungeon (3/15)

Altars:
Gozag

Annotations:
D:3 Jessica; Paps's ghost, amateur DsFi


Innate Abilities, Weirdness & Mutations

You are too large for most types of armour.
You have claws for hands.
Your metabolism is lightning-fast.
You like to eat raw meat.
Your natural rate of healing is unusually fast.
You are covered in fur. (AC +1)
You have very tough skin. (AC +2)


Message History

* * * LOW HITPOINT WARNING * * *
You hit Paps's ghost.
Paps's ghost is severely damaged.
Paps's ghost barely misses you. Jessica hits you with a club.
* * * LOW HITPOINT WARNING * * *
You barely miss Paps's ghost.
Paps's ghost is severely damaged.
Paps's ghost hits you.
* * * LOW HITPOINT WARNING * * *
Jessica looks very angry.
Jessica hits you but does no damage. Paps's ghost barely misses you.
You hit Paps's ghost but do no damage.
Paps's ghost is severely damaged.
You hear the slow rusting of a distant drain.
Jessica barely misses you. Paps's ghost barely misses you.
You riposte.
You slash Paps's ghost!
Paps's ghost is almost destroyed.
Jessica points at you and mumbles some strange words.
Pain shoots through your body!
You die...

.# .........###
#...##..#
###.###..# ##
###........# .# #.
..#.###..# .#.
##.###..#### #.#
###...#....... #.#
#.........####
####@# #.#...#...#
#..@W###.##.##...#
#[##...............
#
#####.##.##.####.#
#....##.# #
#b#####.# #.# .#
#g# #g#


You could see Paps's ghost and Jessica.

Vanquished Creatures
  2 adders (D:2)
  4 oozes (D:1)
  3 worms (D:2)
  A leopard gecko (D:1)
  2 ball pythons
  2 giant cockroaches (D:1)
  7 goblins
  3 hobgoblins (D:1)
  A quokka (D:3)
  3 bats
  2 frilled lizards
  6 kobolds
  6 rats
42 creatures vanquished.

Notes
Turn   | Place    | Note
-------+----------+-------------------------------------------
     0 | D:1      | empire the Troll Assassin began the quest for the Orb.
     0 | D:1      | Reached XP level 1. HP: 19/19 MP: 0/0
    77 | D:1      | Reached XP level 2. HP: 27/27 MP: 1/1
   451 | D:1      | Reached XP level 3. HP: 33/33 MP: 2/2
  1133 | D:2      | Reached XP level 4. HP: 41/41 MP: 3/3
  1198 | D:2      | Noticed Natasha
  1548 | D:3      | Found an opulent altar of Gozag.
  1615 | D:3      | Noticed Jessica
  1617 | D:3      | Noticed Paps's ghost (amateur DsFi)
  1650 | D:3      | Killed from afar by Jessica

Skill      XL: |  1  2 |
---------------+-------+-----
Short Blades   | 2 |  2.7
Fighting       | |  1.5
Throwing       | |  1.7
Dodging        | |  0.7
Stealth        | |  2.9

Action                   |  1- 3 |  4- 6 || total
-------------------------+-------+-------++-------
Melee: Dagger            |   129 |    20 ||   149
       Long sword        |       |    12 ||    12
  Use: Scroll            |       |     7 ||     7
       Potion            |       |     1 ||     1
 Stab: Sleeping          |     6 |     1 ||     7
  Eat: Chunk             |    16 |     2 ||    18
Armor: Robe              |    37 |     6 ||    43
Dodge: Dodged            |    52 |    21 ||    73
       Rpst.: Long sword |       |     3 ||     3
